 Dungeon Crawl Stone Soup version 0.28-a0-206-gc2c9e32840 (webtiles) character file.

Game seed: 520365922438587601

113 avis the Insei (level 4, -1/30 HPs)
             Began as an Octopode Transmuter on Aug 20, 2021.
             Slain by a phantom (3 damage)
             ... on level 3 of the Dungeon.
             The game lasted 00:12:48 (3572 turns).

avis the Insei (Octopode Transmuter)                Turns: 3572, Time: 00:12:49

Health: -1/30      AC:  2    Str: 10    XL:     4   Next: 96%
Magic:  3/7        EV: 19    Int: 15    God:
Gold:   125        SH:  0    Dex: 17    Spells: 3/7 levels left

rFire   . . .      SeeInvis .     - Unarmed
rCold   . . .      Faith    .   (shield currently unavailable)
rNeg    . . .      Spirit   .   (helmet currently unavailable)
rPois   x          Reflect  .   (no amulet)
rElec   .          Harm     .   l - ring of willpower
rCorr   .          Rampage  .   (no ring)
Will    +....                   (no ring)
Stlth   ++........              (no ring)
HPRegen 0.10/turn               (no ring)
MPRegen 0.10/turn               (no ring)
                                (no ring)
                                (no ring)

@: spider-form (expiring)
A: venomous fangs, almost no armour, (amphibious), 8 rings, tiny, (camouflage
1), (gelatinous body 1), (nimble swimmer 1), (tentacles)
a: End Transformation


You were on level 3 of the Dungeon.
You were a venomous arachnid creature.
You visited 1 branch of the dungeon, and saw 4 of its levels.

You collected 125 gold pieces.

Inventory:

Hand Weapons
 f - a +0 battleaxe
Missiles
 a - 68 stones
 i - 19 arrows
 m - 67 bolts
Jewellery
 l - a ring of willpower (left front leg)
Scrolls
 c - 2 scrolls of identify {unknown}
 d - a scroll of teleportation {unknown}
 g - 2 scrolls of silence {unknown}
 k - a scroll of amnesia {unknown}
Potions
 b - a potion of curing {unknown}
 e - a potion of degeneration {unknown}
 h - a potion of heal wounds {unknown}
 j - a potion of mutation {unknown}
 n - a potion of might {unknown}


   Skills:
 * Level 2.8 Fighting
 - Level 2.0 Dodging
 - Level 2.0 Stealth
 - Level 4.0 Unarmed Combat
 - Level 2.0 Spellcasting
 - Level 2.0 Transmutations
 - Level 2.0 Poison Magic


You had 3 spell levels left.
You knew the following spells:

 Your Spells              Type           Power      Damage    Failure   Level
a - Beastly Appendage     Tmut           14%        N/A       24%         1
p - Spider Form           Tmut/Pois      3%         N/A       50%         3

Your spell library contained the following spells:

 Spells                   Type           Power      Damage    Failure   Level
 Wereblood                Tmut           7%         N/A       32%         2
 Corona                   Hex            1%         N/A       43%         1
 Magic Dart               Conj           4%         1d3       43%         1
 Call Imp                 Summ           1%         N/A       54%         2
 Ensorcelled Hibernation  Hex/Ice        2%         N/A       54%         2
 Mephitic Cloud           Conj/Pois/Air  3%         N/A       67%         3
 Tukima's Dance           Hex            1%         N/A       75%         3
 Ice Form                 Ice/Tmut       4%         N/A       93%         4


Dungeon Overview and Level Annotations

Branches:
Dungeon (4/15)
 Temple: D:4-7

Altars:

Shops:
D:3 *!?


Innate Abilities, Weirdness & Mutations

You are a venomous arachnid creature.
You have poisonous fangs.
You are tiny and dextrous.
Your spellcasting is less reliable in this form.
Your armour is entirely melded.
You are incapable of wielding weapons or throwing items.
You cannot wear most types of armour.
((You are amphibious.))
You can wear up to eight rings at the same time.
((Your skin changes colour to match your surroundings (Stealth+).))
((Your rubbery body absorbs attacks. (AC +1, EV +1)))
((You are camouflaged near water. (Stealth+)))
((You have tentacles for arms and can constrict up to eight enemies at once.))


Message History

There is a stone staircase leading up here.
The phantom misses you.
You climb upwards.
Your transformation has ended.
There is a stone staircase leading down here.
Casting: Spider Form (quite dangerous; 28% risk of failure)
Confirm with . or Enter, or press ? or * to list all spells.
The spell is quite dangerous to cast (28% risk of failure)!
Continue anyway?
You turn into a venomous arachnid creature.
The phantom hits you.
The phantom blinks!
You blink.
You hit the phantom.
The phantom is lightly damaged.
The phantom barely misses you.
You hit the phantom.
The phantom is lightly damaged.
The phantom closely misses you.
You hit the phantom but do no damage.
The phantom is lightly damaged.
The phantom closely misses you.
You hit the phantom.
The phantom is moderately damaged.
Your transformation is almost over.
The phantom hits you!
You barely miss the phantom.
The phantom is moderately damaged.
You hit the phantom.
The phantom is moderately damaged.
The phantom hits you.
* * * LOW HITPOINT WARNING * * *
The phantom blinks!
You blink.
You completely miss the phantom.
The phantom is moderately damaged.
The phantom hits you.
* * * LOW HITPOINT WARNING * * *
The phantom blinks!
You blink.
Okay, then.
You hit the phantom but do no damage.
The phantom is moderately damaged.
The phantom hits you.
You die...

##.........# #..##.......##.# #.
......#.#### #..##.......##.####.
#####.#....###..##...).........#.
#####.#..8.8.8...#.............#.
.†....#...⌠.⌠..#.##.###........#.
#######.#8.∩.8......# #..........
........#.⌠.⌠.###.#§# #........##
.########8.8.8....#.# #........#
......<.#.......sW..# #........##
######..##########.§# #..........
...................§###........##
######..............#............
...................>#............
######..............#............
#..............#.<.........†
################............
#######.....#


You could see a phantom.

Vanquished Creatures
  7 adders
  6 endoplasms
  A giant cockroach (D:1)
  3 goblins
  6 hobgoblins
  6 jackals
  5 quokkas
  3 ball pythons
  A bat (D:1)
  A frilled lizard (D:1)
  4 kobolds
  3 rats (D:1)
46 creatures vanquished.

Notes
Turn   | Place    | Note
-------+----------+-------------------------------------------
     0 | D:1      | avis the Octopode Transmuter began the quest for the Orb.
     0 | D:1      | Reached XP level 1. HP: 13/13 MP: 3/3
   140 | D:1      | Reached XP level 2. HP: 18/19 MP: 5/5
   167 | D:1      | Found a faded altar of an unknown god.
  1097 | D:1      | Reached XP level 3. HP: 24/24 MP: 4/6
  1467 | D:1      | Learned a level 3 spell: Spider Form
  2017 | D:2      | Reached skill level 4 in Unarmed Combat
  2104 | D:2      | Reached skill level 1 in Poison Magic
  2105 | D:2      | Reached skill level 1 in Stealth
  2280 | D:2      | Reached XP level 4. HP: 28/29 MP: 0/7
  2832 | D:3      | Found Joxehefy's Magic Scroll Emporium.
  3010 | D:3      | Found Bemmucw's Distillery.
  3022 | D:3      | Found Jamazegito's General Store.
  3552 | D:4      | Noticed a phantom
  3572 | D:3      | Slain by a phantom

Illustrated notes

Levels and vault maps discovered:
D:1:      dpeg_arrival_prison, layout_loops_corners,
          dreamdust_ecumenical_altar_grove
D:2:      layout_loops_cross, chequers_serial_rivers_large_b
D:3:      layout_basic, serial_shops, nicolae_shop_competitors_out_of_business,
          shop, nicolae_shop_temple_entry_statues_fountains
D:4:      cheibrodos_barr_body, layout_basic, elyvilon_altar_3, uniq_sigmund

Skill      XL: |  1  2  3  4 |
---------------+-------------+-----
Fighting       | 2 |  2.8
Unarmed Combat | 4 |  4.0
Poison Magic   | 1 2 |  2.0
Stealth        | 1 2 |  2.0
Dodging        | |  2.0
Spellcasting   | |  2.0
Transmutations | |  2.0

Action                   |  1- 3 |  4- 6 || total
-------------------------+-------+-------++-------
Melee: Unarmed           |    60 |    51 ||   111
       Tentacles         |     8 |     1 ||     9
       Constrict         |    12 |     2 ||    14
       Kick              |    11 |       ||    11
       Punch             |     1 |       ||     1
 Cast: Beastly Appendage |    25 |     2 ||    27
       Spider Form       |     3 |    11 ||    14
 Stab: Sleeping          |     7 |     3 ||    10
Armor: Skin              |     3 |     4 ||     7
Dodge: Dodged            |    39 |    41 ||    80

Table legend: (Time is in decaauts)
 A = Elapsed time spent in this place.
 B = Non-inter-level travel time spent in this place.
 C = Inter-level travel time spent in this place.
 D = Time resting spent in this place.
 E = Time spent auto-exploring this place.
 F = Levels seen in this place.
 G = Mean time per level.
                   A        B        C        D        E       F      G
               +--------+--------+--------+--------+--------+-----+--------+
         Total |   3570 |   3318 |    252 |    860 |   1825 |   4 |  892.5 |
       Dungeon |   3570 |   3318 |    252 |    860 |   1825 |   4 |  892.5 |
               +--------+--------+--------+--------+--------+-----+--------+

Top non-repeatable levels by time:
     D:1: 1576 daAuts
     D:3: 995 daAuts
     D:2: 977 daAuts
     D:4: 20 daAuts
